Unix NetHack Version 5.0.0-0 post-release - last build May  4 2026 22:22:43 (774f63e81ad911689b3a0859ea89b322d5daca8d,branch:main).

Game began 2026-05-09 08:38:28, ended 2026-05-09 08:48:09.

31245981910, lawful female human Archeologist

                                                  --
                                                 --.-------
                                                 |........---   -----
                                                 |..*.......| --....--
                                               ---..........---......---
                                               |.......................|
                                        --------.......................--- ---
                                         %...................................|
                                            -................................|
                                             ............................-
                                                     -.>G..%.%...........|
                                                     ---..G.--./-- ----  -
                                                       --@.------
                                                        ----

31245981910 the Field Worker  St:13 Dx:13 Co:11 In:16 Wi:12 Ch:10  Lawful
Dlvl:3  $:38 HP:0(33) Pw:13(13) AC:9  Xp:4 T:1165 

Latest messages:
 You descend the stairs.
 The gnome picks up a slime mold.
 The dwarf throws a dagger!
 You are hit by a dagger.
 You miss the gnome.
 You miss the gnome.
 You kill the gnome!
 The gnome picks up a dagger.
 You kill the gnome!
 You lash the gnome.
 The gnome picks up a maple wand.
 You lash the gnome.
 You kill the gnome!
 You kill the gnome!
 Welcome to experience level 4.
 You see here a gnome corpse.
 You lash the dwarf.
 The dwarf hits!
 You miss the dwarf.
 The gnome lord throws a dagger!
 You are hit by a dagger.
 The dwarf hits!
 The gnome lord throws a dagger!
 You catch the dagger! n - a dagger.
 The dwarf picks up a dagger.
 The gnome lord throws 2 daggers!
 The 1st dagger hits the dwarf.
 The 2nd dagger hits the dwarf.
 The gnome hits!
 The dwarf wields a dagger!
 The gnome lord throws a dagger!
 The dagger hits the gnome.
 The gnome hits!
 The gnome hits!
 You kill the dwarf!
 The gnome hits!
 You kill the gnome!
 The gnome lord picks up 2 daggers.
 The gnome lord picks up a dagger.
 The gnome lord picks up a hooded cloak.
 The gnome lord wields 3 daggers!
 You lash the gnome lord.
 The gnome lord thrusts one of his daggers.
 The gnome lord hits!
 You die...
 Do you want your possessions identified? [ynq] (y) y
 Do you want to see your attributes? [ynq] (y) y
 Do you want an account of creatures vanquished? [ynaq] (y) y
 Do you want to see your conduct and achievements? [ynq] (y) y
 Do you want to see the dungeon overview? [ynq] (y) y

Inventory:
 Coins    ('$')
  $ - 38 gold pieces
 Weapons  (')')
  n - a +0 dagger
  k - 2 +0 orcish daggers
  a - a +2 bullwhip (weapon in right hand)
 Armor    ('[')
  c - an uncursed +0 fedora (being worn)
  b - an uncursed +0 leather jacket (being worn)
 Comestibles  ('%')
  d - 7 uncursed food rations
 Scrolls  ('?')
  j - an uncursed scroll of identify
 Spellbooks  ('+')
  m - an uncursed spellbook of confuse monster
 Potions  ('!')
  i - a blessed potion of monster detection

31245981910 the Archeologist's attributes:

Background:
 You were a Field Worker, a level 4 female human Archeologist.
 You were lawful, nominally on a mission for Quetzalcoatl
 who was opposed by Camaxtli (neutral) and Huhetotl (chaotic).
 You were right-handed.
 You were in the Gnomish Mines, on level 3.
 You entered the dungeon 1165 turns ago.
 You had 97 experience points, 63 more were needed to attain level 5.

Basics:
 You had 0 out of 33 hit points.
 You had all 13 energy points (spell power).
 Your armor class was 9.
 Your wallet contained 38 zorkmids.
 Autopickup was off.

Final Characteristics:
 Your strength was 13 (limit:18/100).
 Your dexterity was 13 (limit:18).
 Your constitution was 11 (limit:18).
 Your intelligence was 16 (limit:18).
 Your wisdom was 12 (limit:18).
 Your charisma was 10 (limit:18).

Final Status:
 You weren't hungry.
 You were unencumbered.
 You were wielding a whip.
 You had basic skill with whip.

Final Attributes:
 You were devoutly aligned.
 You had automatic searching.
 You were lucky.
 You are dead.

Miscellaneous:
 You didn't encounter any bones levels.
 Total elapsed playing time was 9 minutes and 40 seconds.

Major events:
 Turn
    1: 31245981910 the lawful female human Archeologist entered the dungeon
  814: attained the rank of Field Worker (level 3)
 1134: entered the Gnomish Mines
 1165: killed by a gnome lord

You didn't know any spells.

Skills:
 Fighting Skills
   bare handed combat [Unskilled]
   two weapon combat  [Unskilled]
   riding             [Unskilled]
 Weapon Skills
   dagger             [Unskilled]
   knife              [Unskilled]
   pick-axe           [Basic]
   short sword        [Unskilled]
   saber              [Unskilled]
   club               [Unskilled]
   quarterstaff       [Unskilled]
   sling              [Unskilled]
   dart               [Unskilled]
   boomerang          [Unskilled]
   whip               [Basic]
   unicorn horn       [Unskilled]
 Spellcasting Skills
   attack spells      [Unskilled]
   healing spells     [Unskilled]
   divination spells  [Unskilled]
   matter spells      [Unskilled]

Voluntary challenges:
 Character rerolling was not enabled.
 You were an atheist.
 You never genocided any monsters.
 You never polymorphed an object.
 You never changed form.
 You used no wishes.
Achievements:
 You entered a shop.
 You attained the rank of Field Worker.
 You entered the Gnomish Mines.

 The Dungeons of Doom: levels 1 to 2
    Level 1:
       A grave.
    Level 2:
       An armor shop, an altar to Quetzalcoatl, a fountain, a grave.
       Stairs down to The Gnomish Mines.
 The Gnomish Mines:
    Level 3: <- You were here.
       Final resting place for
          you, killed by a gnome lord.


Vanquished creatures:
  a shrieker
  a dwarf
  a large kobold
  5 gnomes
  2 jackals
  a kobold
  6 goblins
  4 grid bugs
  a lichen
  5 newts
27 creatures vanquished.

No species were genocided or became extinct.

Game over:
                       ----------
                      /          \
                     /    REST    \
                    /      IN      \
                   /     PEACE      \
                  /                  \
                  |   31245981910    |
                  |      38 Au       |
                  |   killed by a    |
                  |    gnome lord    |
                  |                  |
                  |                  |
                  |       2026       |
                 *|     *  *  *      | *
        _________)/\\_//(\/(/\)/\//\/|_)_______

Goodbye 31245981910 the Archeologist...

You died in The Gnomish Mines on dungeon level 3 with 523 points,
and 38 pieces of gold, after 1165 moves.
You were level 4 with a maximum of 33 hit points when you died.

